 Dungeon Crawl Stone Soup version 0.26-a0-639-g72c4674329 (webtiles) character file.

Game seed: 10272568679930320363

40 Borgoz the Ruffian (level 3, 0/31 HPs)
             Began as a Ghoul Monk on Sept 20, 2020.
             Hit by a stone thrown by a kobold (2 damage)
             ... on level 3 of the Dungeon.
             The game lasted 00:01:56 (1332 turns).

Borgoz the Ruffian (Ghoul Monk)                     Turns: 1332, Time: 00:01:57

Health: 0/31       AC:  3    Str: 12 (15) XL:     3   Next: 50%
Magic:  2/2        EV: 12    Int:  3 (5)  God:
Gold:   125        SH:  0    Dex:  9 (11) Spells: 2/2 levels left

rFire    . . .     SeeInvis .     - Unarmed
rCold    + . .     Faith    .   (no shield)
rNeg     + + +     Spirit   .   a - +0 robe
rPois    ∞         Reflect  .   (no helmet)
rElec    .         Harm     .   (no cloak)
rCorr    .         Rampage  .   (no gloves)
MR       .....                  b - +0 pair of boots {Fly}
Stlth    ++........             (no amulet)
HPRegen  0.00/turn              (no ring)
MPRegen  0.08/turn              (no ring)

@: mighty, flying
A: rotting body, claws 1, cold resistance 1, negative energy resistance 3,
inhibited regeneration, torment resistance, unbreathing
a: no special abilities


You were on level 3 of the Dungeon.
You visited 1 branch of the dungeon, and saw 3 of its levels.

You collected 125 gold pieces.

Inventory:

Armour
 a - a +0 robe (worn)
 b - a +0 pair of boots of flying (worn)
Scrolls
 e - 2 scrolls of teleportation {unknown}
 g - a scroll of immolation {unknown}
 h - 3 scrolls of identify {unknown}
 j - a scroll of fear {unknown}
 k - a scroll of magic mapping {unknown}


   Skills:
 + Level 3.5 Fighting
 * Level 1.1 Armour
 + Level 2.9 Dodging
 + Level 2.7 Stealth
 * Level 3.8 Unarmed Combat


You had 2 spell levels left.
You didn't know any spells.
Your spell library was empty.

Dungeon Overview and Level Annotations

Branches:
Dungeon (2/15)

Altars:


Innate Abilities, Weirdness & Mutations

Your body is rotting away.
You thrive by killing the living.
You are immune to poison.
You have sharp fingernails.
Your flesh is cold resistant. (rC+)
You are immune to negative energy. (rN+++)
You do not regenerate when monsters are visible.
You are immune to unholy pain and torment.
You can survive without breathing.


Message History

It was a potion of mutation.
You feel extremely strange.
Your body decomposes!
You feel dopey.
Your body decomposes!
You feel weakened. The kobold hits you but does no damage.
The rat closely misses you.
The orc hits you from afar with a +0 trident.
* * * LOW HITPOINT WARNING * * *
You closely miss the rat. The kobold hits you but does no damage.
The rat closely misses you.
You claw the rat!
You kill the rat!
The orc misses you. The kobold hits you but does no damage.
The kobold throws a stone.
The stone hits you.
* * * LOW HITPOINT WARNING * * *
Things that are here:
a stone; a +0 club; a rat corpse The kobold throws a stone.
The stone barely misses you.
The kobold throws a stone.
The stone hits you.
You die...

#.#....##.PoP
#...o......#
#.gooo.o.##
#KoS.....#
##K#...P. #†#
.P. #(# P #.#
#@# #........
#(.....##
#(.#.....
#........
#........
..... #..
...... ..


You could see an adder, 4 orcs, a goblin and 2 kobolds.

Vanquished Creatures
  An adder (D:2)
  A leopard gecko (D:1)
  An orc (D:3)
  2 giant cockroaches (D:2)
  5 goblins
  3 hobgoblins
  3 jackals (D:3)
  3 frilled lizards (D:1)
  3 kobolds
  6 rats
28 creatures vanquished.

Vanquished Creatures (others)
  3 withered plants (D:3)
3 creatures vanquished.

Grand Total: 31 creatures vanquished

Notes
Turn   | Place    | Note
-------+----------+-------------------------------------------
     0 | D:1      | Borgoz the Ghoul Monk began the quest for the Orb.
     0 | D:1      | Reached XP level 1. HP: 19/19 MP: 0/0
   344 | D:1      | Reached XP level 2. HP: 26/26 MP: 1/1
  1006 | D:2      | Reached skill level 1 in Armour
  1006 | D:2      | Reached XP level 3. HP: 29/31 MP: 2/2
  1295 | D:2      | You are sucked into a shaft and drop 1 floor!
  1332 | D:3      | Hit by a stone thrown by a kobold

Illustrated notes

Levels and vault maps discovered:
D:1:      dpeg_arrival_pits, layout_loops_cross, chequers_decorated_corner,
          minmay_splitting_lines
D:2:      layout_basic, serial_forest, infiniplex_forest_straight_4,
          infiniplex_forest_lined_room_2, infiniplex_forest_clump_long,
          infiniplex_forest_end_2, infiniplex_forest_lined_2
D:3:      kennysheep_big_flooded_room, layout_rooms, kiku_gazebo_garden_becter,
          lemuel_doored_altar

Skill      XL: |  1  2 |
---------------+-------+-----
Armour         | 1 |  1.1
Fighting       | |  3.5
Dodging        | |  2.9
Stealth        | |  2.7
Unarmed Combat | |  3.8

Action                   || total
-------------------------++-------
Melee: Unarmed           ||    97
  Use: Potion            ||     4
 Stab: Sleeping          ||     6
       Distracted        ||     1
Armor: Robe              ||    22
Dodge: Dodged            ||    68

Table legend: (Time is in decaauts)
 A = Elapsed time spent in this place.
 B = Non-inter-level travel time spent in this place.
 C = Inter-level travel time spent in this place.
 D = Time resting spent in this place.
 E = Time spent auto-exploring this place.
 F = Levels seen in this place.
 G = Mean time per level.
                   A        B        C        D        E       F      G
               +--------+--------+--------+--------+--------+-----+--------+
         Total |   1325 |   1299 |     26 |    195 |    894 |   3 |  441.7 |
       Dungeon |   1325 |   1299 |     26 |    195 |    894 |   3 |  441.7 |
               +--------+--------+--------+--------+--------+-----+--------+

Top non-repeatable levels by time:
     D:1: 902 daAuts
     D:2: 387 daAuts
     D:3: 35 daAuts
